 Dungeon Crawl Stone Soup version 0.27.1-34-g3ba077fa99 (webtiles) character file.

Game seed: 4424652192054642391

2418 Borgoz the Skirmisher (level 9, -1/51 HPs)
             Began as a Gargoyle Berserker on Jan 2, 2022.
             Was a Priest of Trog.
             Slain by a raiju (6 damage)
             ... on level 1 of the Abyss on Jan 9, 2022.
             The game lasted 00:07:50 (6927 turns).

Borgoz the Skirmisher (Gargoyle Berserker)          Turns: 6927, Time: 00:07:51

Health: -1/51      AC: 23    Str: 18    XL:     9   Next: 48%
Magic:  8/9        EV:  9    Int:  7    God:    Trog [***...]
Gold:   253        SH:  9    Dex: 12    Spells: 8/8 levels left

rFire    + . .     SeeInvis .   e - +4 flail
rCold    . . .     Faith    .   v - +0 kite shield
rNeg     + . .     Spirit   .   z - +0 plate armour
rPois    ∞         Reflect  .   k - +0 helmet
rElec    +         Harm     .   (no cloak)
rCorr    .         Rampage  .   j - +1 pair of gloves
Will     .....     Rnd*Rage +   (no boots)
Stlth    ..........             (no amulet)
HPRegen  0.17/turn              h - ring of protection from fire
MPRegen  0.11/turn              a - +4 ring of evasion

@: unable to read, on berserk cooldown, slowed, very slow
A: sickness immunity, AC +6, negative energy resistance 1, electricity
resistance, torment resistance 1, petrification resistance, [berserk 2], [dopey
1], [frail 1], [weak 1], [subdued magic 2], [inability to read while threatened]
a: Renounce Religion, Berserk, Trog's Hand


You were on level 1 of the Abyss.
You worshipped Trog.
Trog was most pleased with you.
You visited 1 branch of the dungeon, and saw 7 of its levels.
You visited the Abyss 1 time.

You collected 253 gold pieces.

Inventory:

Hand Weapons
 e - a +4 flail (weapon)
 n - a +0 morningstar
 x - the +3 war axe of the Final Decision {vorpal, rN+}
   (You found it on level 6 of the Dungeon)

   It inflicts extra damage upon your enemies.
   rN:        It protects you from negative energy.
Armour
 j - a +1 pair of gloves (worn)
 k - a +0 helmet (worn)
 v - a +0 kite shield (worn)
 z - a +0 plate armour (worn)
Jewellery
 a - a +4 ring of evasion (right hand)
 g - a ring of see invisible
 h - a ring of protection from fire (left hand)
Wands
 i - a wand of iceblast (16)
 m - a wand of acid (7)
Scrolls
 b - 2 scrolls of fog {unknown}
 d - a scroll of silence {unknown}
 l - a scroll of torment {unknown}
 p - a scroll of magic mapping {unknown}
 s - a scroll of noise {unknown}
 t - a scroll of teleportation
 u - 2 scrolls of enchant armour {unknown}
Potions
 c - 4 potions of curing
 f - a potion of heal wounds
 o - a potion of cancellation
 q - 2 potions of attraction {unknown}
 r - 2 potions of flight
 w - a potion of lignification {unknown}


   Skills:
 + Level 7.1 Fighting
 + Level 6.6 Maces & Flails
 + Level 6.7 Armour
 + Level 5.0 Dodging
 + Level 4.4 Shields


You had 8 spell levels left.
You didn't know any spells.
Your spell library was empty.

Dungeon Overview and Level Annotations

Branches:
Dungeon (7/15)             Temple (0/1) D:5

Altars:
Ashenzari
Dithmenos
Fedhas
Qazlal
Zin
The Shining One

Shops:
D:4 *


Innate Abilities, Weirdness & Mutations

You are immune to sickness and miasma.
Your stone body is resilient. (AC +6)
You are immune to poison.
You resist negative energy. (rN+)
You are resistant to electric shocks. (rElec)
You are resistant to unholy torment.
You are immune to petrification.
[You often lose your temper in combat.]
[You are dopey. (Int -2)]
[You are frail. (-10% HP)]
[You are weak. (Str -2)]
[Your spells are easier to cast, but less powerful.]
[You sometimes lose the ability to read scrolls when taking damage.]


Message History

You feel threatened and lose the ability to read scrolls!
The raiju blinks! x2; You block the raiju's attack.
The raiju bursts into living lightning!
The living lightning hits the raiju.
The raiju completely resists.
The living lightning hits you! You resist.
* * * LOW HITPOINT WARNING * * *
The raiju blinks! x2
You sock the raiju!
The raiju is severely wounded.
The raiju bites you but does no damage. You block the raiju's attack.
You closely miss the raiju.
The raiju is severely wounded.
The raiju closely misses you. The raiju bites you but does no damage.
You sock the raiju!
The raiju is almost dead.
The raiju bursts into living lightning!
The living lightning misses the raiju.
The living lightning misses you.
The raiju blinks!
The raiju barely misses you.
The raiju bursts into living lightning!
The living lightning misses you.
The raiju blinks!
The raiju bites you.
* * * LOW HITPOINT WARNING * * *
The raiju shocks you. You resist.
* * * LOW HITPOINT WARNING * * *
You hit the raiju.
The raiju is lightly wounded.
The raiju bites you.
* * * LOW HITPOINT WARNING * * *
The raiju shocks you. You resist.
* * * LOW HITPOINT WARNING * * *
The raiju closely misses you.
The raiju bursts into living lightning!
The living lightning hits you. You resist.
* * * LOW HITPOINT WARNING * * *
The raiju blinks!
The raiju completely misses you.
You hit the raiju.
The raiju is almost dead.
You can read scrolls again.
The raiju bites you.
You feel threatened and lose the ability to read scrolls!
You die...

## ##.
.. # #
.### #
#....
## .#
#.. #
.#.# .
.
#>##h.#
#
#..#h@#
.. .
####
##... .
.## . #


You could see 2 raiju.

Vanquished Creatures
  A wretched star (Abyss:1)
  A raiju (Abyss:1)
  A sky beast (D:7)
  A black bear (D:5)
  A necrophage (D:5)
  2 ogres
  A phantom (D:6)
  3 bullfrogs (D:7)
  A scorpion (D:5)
  5 killer bees (D:7)
  5 wights (D:7)
  A centaur zombie (D:5)
  3 hounds
  A bullfrog skeleton (D:6)
  An orc priest (D:5)
  A jelly (D:5)
  2 centaur skeletons
  An orc wizard (D:4)
  2 iguanas
  4 gnolls (D:5)
  7 adders
  A shadow imp (D:5)
  A worm (D:2)
  3 dart slugs
  14 orcs
  A ball python (D:4)
  2 bats
  6 endoplasms
  3 giant cockroaches
  4 goblins
  5 hobgoblins
  4 jackals (D:1)
  4 quokkas
  4 frilled lizards
  4 kobolds
  5 rats
106 creatures vanquished.

Notes
Turn   | Place    | Note
-------+----------+-------------------------------------------
     0 | D:1      | Borgoz the Gargoyle Berserker began the quest for the Orb.
     0 | D:1      | Reached XP level 1. HP: 14/14 MP: 1/1
   694 | D:1      | Reached XP level 2. HP: 6/19 MP: 2/2
  1413 | D:2      | Reached XP level 3. HP: 11/23 MP: 3/3
  2014 | D:2      | Reached ** piety under Trog
  2532 | D:3      | Reached XP level 4. HP: 28/29 MP: 4/4
  2570 | D:3      | Found a faded altar of an unknown god.
  2694 | D:3      | Found a broken altar of Ashenzari.
  2966 | D:4      | Found Zin's Purification Station.
  2970 | D:4      | Found a glowing silver altar of Zin.
  3026 | D:4      | Reached skill level 4 in Fighting
  3142 | D:4      | Reached XP level 5. HP: 33/33 MP: 5/5
  3255 | D:4      | Found a blossoming altar of Fedhas.
  3539 | D:4      | Noticed an ogre
  3544 | D:4      | Killed an ogre
  3545 | D:4      | Reached XP level 6. HP: 39/39 MP: 6/6
  3959 | D:5      | Entered Level 5 of the Dungeon
  3989 | D:5      | You fall into a shaft and drop 1 floor!
  4166 | D:5      | Reached *** piety under Trog
  4244 | D:5      | Reached skill level 5 in Fighting
  4244 | D:5      | Reached XP level 7. HP: 35/44 MP: 7/7
  4452 | D:5      | Found a stormy altar of Qazlal.
  4454 | D:5      | Found a glowing golden altar of the Shining One.
  4723 | D:5      | Reached skill level 5 in Maces & Flails
  4785 | D:5      | Found a staircase to the Ecumenical Temple.
  4861 | D:5      | Found a shadowy altar of Dithmenos.
  5122 | D:6      | Reached skill level 1 in Shields
  5129 | D:5      | Reached skill level 5 in Armour
  5425 | D:6      | Reached XP level 8. HP: 45/51 MP: 8/8
  6025 | D:6      | Identified the +3 war axe of the Final Decision {vorpal,
                  | rN+}
  6134 | D:7      | Reached skill level 6 in Fighting
  6647 | D:7      | Reached XP level 9. HP: 33/56 MP: 9/9
  6647 | D:7      | Cast into level 1 of the Abyss (orc wizard)
  6696 | Abyss:1  | Noticed a wretched star
  6712 | Abyss:1  | Killed a wretched star
  6713 | Abyss:1  | Reached skill level 7 in Fighting
  6816 | Abyss:1  | Noticed a large abomination
  6918 | Abyss:1  | Reached skill level 5 in Dodging
  6927 | Abyss:1  | Slain by a raiju

Illustrated notes

Levels and vault maps discovered:
D:1:      minmay_arrival_glassed_features, layout_loops_corners
D:2:      layout_rooms, nrook_mini_vaults
D:3:      layout_loops_cross, mainiacjoe_overflow_brackets,
          basic_ecumenical_altar
D:4:      layout_loops_cross, mainiacjoe_overflow_surrounded_room, zin_purify
D:5:      layout_basic, nicolae_overflow_crystal_walls,
          nicolae_overflow_hidden_temple, minmay_temple_entry_nine_rooms,
          columned_hall_lemuel
D:6:      layout_basic
D:7:      layout_basic, makhleb_heckhound_becter, serial_shops,
          nicolae_stop_n_shop_1, kennysheep_mini_moat
Abyss:1:  base:
D:1

Skill      XL: |  1  2  3  4  5  6  7  8  9 |
---------------+----------------------------+-----
Dodging        | 2 3 4 5 |  5.0
Armour         | 3 4 5 6 |  6.7
Fighting       | 4 5 6 7 |  7.1
Maces & Flails | 4 5 6 |  6.6
Shields        | 1 3 4 |  4.4

Action                   |  1- 3 |  4- 6 |  7- 9 || total
-------------------------+-------+-------+-------++-------
Melee: Mace              |   117 |    13 |       ||   130
       Morningstar       |       |   126 |    99 ||   225
       War axe           |       |       |    54 ||    54
       Flail             |       |       |    57 ||    57
Invok: Berserk           |     1 |     6 |     8 ||    15
       Trog's Hand       |       |       |     2 ||     2
  Use: Scroll            |       |       |     9 ||     9
 Stab: Sleeping          |     2 |       |       ||     2
Armor: Animal skin       |    54 |       |       ||    54
       Chain mail        |     2 |   101 |    59 ||   162
       Plate armour      |       |       |    85 ||    85
Dodge: Dodged            |    69 |    96 |   144 ||   309
Block: Kite shield       |       |       |    95 ||    95
